 Dungeon Crawl Stone Soup version 0.17.1-3-g152610e (webtiles) character file.

211 Jerry the Shield-Bearer (level 5, 0/36 HPs)
             Began as an Octopode Fighter on Mar 9, 2016.
             Slain by azazzel4ik's ghost (10 damage)
             ... on level 4 of the Dungeon.
             The game lasted 00:12:53 (2649 turns).

Jerry the Shield-Bearer (Octopode Fighter)          Turns: 2649, Time: 00:12:53

Health: 0/36       AC:  3    Str: 21    XL:     5   Next: 88%
Magic:  5/5        EV: 11    Int: 10    God:
Gold:   135        SH:  9    Dex: 12    Spells: 0 memorised, 4 levels left

rFire  . . .     SeeInvis .       - Unarmed
rCold  . . .     Clarity  .     a - +0 shield
rNeg   . . .     SustAt   .     (helmet restricted)
rPois  .         Gourm    .     (no amulet)
rElec  .         Spirit   .     h - +2 ring of protection
rCorr  .         Warding  .     (no ring)
rMut   .         Stasis   .     (no ring)
MR     .....                    (no ring)
Stlth  ++++......               (no ring)
                                (no ring)
                                (no ring)
                                (no ring)

@: mighty, not resistant to hostile enchantments, stealthy
A: almost no armour, amphibious, 8 rings, constrict 8, camouflage 1, gelatinous
body 1
a: no special abilities


You were on level 4 of the Dungeon.
You were hungry.

You visited 1 branch of the dungeon, and saw 4 of its levels.

You collected 135 gold pieces.

Inventory:

Armour
 a - a +0 shield (worn)
Jewellery
 h - a +2 ring of protection (left tentacle)
Scrolls
 d - a scroll of noise {unknown}
 e - 2 scrolls of amnesia {unknown}
 g - 6 scrolls of identify {unknown}
 k - a scroll of enchant armour {unknown}
 l - a scroll of remove curse {unknown}
 n - a scroll of enchant weapon {unknown}
Potions
 f - a potion of beneficial mutation {unknown}
 i - 3 potions of curing {unknown}
Books
 o - a book of Air

   Spells                             Type                      Level
   a - Shock                          Conjuration/Air              1
   b - Swiftness                      Charms/Air                   2
   c - Repel Missiles                 Charms/Air                   2
   d - Static Discharge               Conjuration/Air              3
   e - Lightning Bolt                 Conjuration/Air              5
Comestibles
 c - 3 bread rations
 j - a beef jerky


   Skills:
 - Level 3.0 Fighting
 + Level 4.0 Dodging
 + Level 3.7 Stealth
 + Level 4.1 Shields
 + Level 3.3 Unarmed Combat


You had 4 spell levels left.
You didn't know any spells.

Dungeon Overview and Level Annotations

Branches:
Dungeon (4/15)
 Temple: D:4-7

Altars:
Gozag
The Shining One

Annotations:
D:4 azazzel4ik's ghost, amateur FoFi


Innate Abilities, Weirdness & Mutations

You cannot wear most types of armour.
You are amphibious.
You can wear up to eight rings at the same time.
You can use your tentacles to constrict eight enemies at once.
Your skin changes colour to match your surroundings (Stealth).
Your rubbery body absorbs attacks (AC +1).


Message History

There is a stone staircase leading up here.
You start resting.
You are feeling hungry.
Drink which item? (? for menu, Esc to quit)
You feel very mighty all of a sudden. Azazzel4ik's ghost hits you!
You tentacle-slap azazzel4ik's ghost.
Azazzel4ik's ghost is lightly damaged.
You block azazzel4ik's ghost's attack.
You barely miss azazzel4ik's ghost.
Azazzel4ik's ghost is lightly damaged.
Azazzel4ik's ghost hits you!
* * * LOW HITPOINT WARNING * * *
You barely miss azazzel4ik's ghost.
Azazzel4ik's ghost is lightly damaged.
You block azazzel4ik's ghost's attack.
You barely miss azazzel4ik's ghost.
Azazzel4ik's ghost is lightly damaged.
Azazzel4ik's ghost hits you!
You die...

...###
##.............#
.#....#
##.....#.....##
..##..###..##.#######
....#.....##..#
#..###..##.## #
#.......##.#
#.#.....#..#.#
#.......##.#.###
##..W@..##.....#
#.>....##.....#
#.#######.....# #.
#.....# # #[....#
#.....# #..<..#
#######


You could see azazzel4ik's ghost.

Vanquished Creatures
  An orc wizard (D:3)
  An orc priest (D:3)
  A worker ant (D:4)
  A hound zombie (D:3)
  4 adders
  3 adder skeletons (D:3)
  A worm (D:4)
  4 giant geckos
  8 orcs (D:3)
  2 ball pythons
  3 giant cockroaches (D:3)
  3 goblins
  8 hobgoblins
  6 jackals (D:3)
  A quokka (D:2)
  6 bats
  A giant gecko skeleton (D:3)
  3 giant newts
  7 kobolds
  A quokka skeleton (D:3)
  A quokka zombie (D:3)
  5 rats
71 creatures vanquished.

Notes
Turn   | Place    | Note
--------------------------------------------------------------
     0 | D:1      | Jerry the Octopode Fighter began the quest for the Orb.
     0 | D:1      | Reached XP level 1. HP: 16/16 MP: 1/1
   353 | D:1      | Reached XP level 2. HP: 15/21 MP: 2/2
   382 | D:1      | Reached skill level 1 in Stealth
   808 | D:2      | Reached XP level 3. HP: 23/26 MP: 3/3
  1227 | D:2      | Found an opulent altar of Gozag.
  1259 | D:2      | Found a glowing golden altar of the Shining One.
  1678 | D:3      | Reached XP level 4. HP: 22/31 MP: 4/4
  1926 | D:3      | Reached XP level 5. HP: 19/36 MP: 5/5
  2253 | D:3      | Reached skill level 4 in Dodging
  2593 | D:4      | Noticed azazzel4ik's ghost (amateur FoFi)
  2649 | D:4      | Slain by azazzel4ik's ghost

Action                   |  1- 3 |  4- 6 || total
-------------------------+-------+-------++-------
Melee: Unarmed           |    83 |    88 ||   171
  Use: Potion            |     1 |     2 ||     3
 Stab: Sleeping          |    10 |     3 ||    13
       Distracted        |     1 |       ||     1
  Eat: Chunk             |     2 |     3 ||     5
